 Dungeon Crawl Stone Soup version 0.24.0-13-gcf9b3192b9 (webtiles) character file.

Game seed: 12463594383758242717, levelgen mode: deterministic

151 Matador8 the Poker (level 5, -4/67 HPs)
             Began as a Naga Skald on Nov 6, 2019.
             Slain by an ogre
             ... wielding a +0 giant club
              (8 damage)
             ... on level 3 of the Dungeon.
             The game lasted 00:16:52 (2524 turns).

Matador8 the Poker (Naga Skald)                     Turns: 2524, Time: 00:16:52

Health: -4/67      AC: 22    Str: 13    XL:     5   Next: 33%
Magic:  3/8        EV:  1    Int: 15    God:
Gold:   146        SH:  0    Dex: 15    Spells: 1/8 levels left

rFire    . . .     SeeInvis +   a - +0 spear
rCold    . . .     Gourm    .   (no shield)
rNeg     + + +     Faith    .   (armour currently unavailable)
rPois    +         Spirit   .   (helmet currently unavailable)
rElec    .         Reflect  .   (cloak currently unavailable)
rCorr    .         Harm     .   (gloves currently unavailable)
MR       .....     NoTele   +   (no barding)
Stlth    ++........             (no amulet)
HPRegen  0.21/turn              (no ring)
MPRegen  0.11/turn              (no ring)

@: agile, tree-form, very slightly contaminated
A: large, see invisible, slow metabolism 1, spit poison 1, AC +1
a: Spit Poison


You were on level 3 of the Dungeon.
You were not hungry.
You were a tree.
You visited 1 branch of the dungeon, and saw 3 of its levels.

You collected 146 gold pieces.

Inventory:

Hand Weapons
 a - a +0 spear (weapon)
Missiles
 n - 78 stones (quivered)
Armour
 b - a +0 leather armour (melded)
 c - a +0 helmet (melded)
 e - +0 swamp dragon scales
 j - a cursed +0 chain mail
 u - a +0 ring mail
Scrolls
 f - a scroll of teleportation {unknown}
 g - 4 scrolls of fog {unknown}
 h - 5 scrolls of identify {unknown}
 i - a scroll of amnesia {unknown}
 k - 2 scrolls of noise {unknown}
 p - a scroll of immolation {unknown}
 r - a scroll of enchant weapon {unknown}
 t - a scroll of enchant armour {unknown}
 v - 2 scrolls of remove curse {unknown}
 x - a scroll of random uselessness {unknown}
Potions
 m - a potion of lignification
 o - a potion of might {unknown}
 s - a potion of heal wounds {unknown}
 w - a potion of magic {unknown}
Comestibles
 d - 6 rations


   Skills:
 - Level 2.0 Fighting
 * Level 4.8 Polearms
 - Level 0.7 Armour
 - Level 1.5 Dodging
 - Level 2.0 Spellcasting
 + Level 2.0 Hexes
 - Level 3.0 Charms


You had one spell level left.
You knew the following spells:

 Your Spells              Type           Power        Failure   Level  Hunger
a - Infusion              Chrm           ##..         6%          1    #......
b - Spectral Weapon       Hex/Chrm       #.......     24%         3    ###....
c - Regeneration          Chrm/Necr      #.........   34%         3    ###....

Your spell library contained the following spells:

 Spells                   Type           Power        Failure   Level  Hunger
 Song of Slaying          Chrm           ##......     10%         2    ###....
 Shroud of Golubria       Chrm/Tloc      #.....       19%         2    ###....


Dungeon Overview and Level Annotations

Branches:
Dungeon (3/15)

Altars:


Innate Abilities, Weirdness & Mutations

You cannot wear boots.
((Your serpentine skin is tough. (AC +1)))
You have supernaturally acute eyesight. (SInv)
((Armour fits poorly on your strangely shaped body.))
((Your system is resistant to poisons. (rPois)))
((You cover ground very slowly.))
You have a slow metabolism.
You can spit poison.


Message History

Your +0 leather armour melds into your body.
Your roots penetrate the ground.
You feel better. The ogre hits you but does no damage.
You puncture the ogre!
The ogre is severely wounded.
The ogre hits you with a +0 giant club.
* * * LOW HITPOINT WARNING * * *
You barely miss the ogre.
The ogre is severely wounded.
The ogre hits you with a +0 giant club!
* * * LOW HITPOINT WARNING * * *
You feel better.
You barely miss the ogre.
The ogre is severely wounded.
The ogre hits you with a +0 giant club!
* * * LOW HITPOINT WARNING * * *
You feel more agile all of a sudden.
You have got your breath back.
The ogre hits you with a +0 giant club!
You die...

######
###########....#####
#rO♣......'....'....
#.#########....###.#
#.# #....# #.# #r##
#### #....# #.#
#........ #....###'#
#.####.## ######....
#####.####.##.#
#....
+..%..##.÷....#
#....
#.#....#.#.##.#
#..[.


You could see an ogre and a rat.

Vanquished Creatures
  7 adders
  An ooze (D:3)
  An adder skeleton (D:2)
  An adder zombie (D:2)
  2 worms (D:2)
  A dart slug (D:3)
  4 leopard geckos
  An orc (D:3)
  A ball python (D:3)
  10 bats
  A bat skeleton (D:2)
  4 giant cockroaches
  8 goblins
  8 hobgoblins
  A quokka (D:3)
  3 frilled lizards
  A jackal skeleton (D:2)
  8 kobolds
  3 leopard gecko skeletons (D:2)
  A quokka skeleton (D:2)
  5 rats
72 creatures vanquished.

Vanquished Creatures (others)
  A spectral weapon (D:3)
1 creature vanquished.

Grand Total: 73 creatures vanquished

Notes
Turn   | Place    | Note
-------+----------+-------------------------------------------
     0 | D:1      | Matador8 the Naga Skald began the quest for the Orb.
     0 | D:1      | Reached XP level 1. HP: 19/19 MP: 3/3
   192 | D:1      | Reached XP level 2. HP: 24/26 MP: 5/5
   371 | D:1      | Reached skill level 3 in Polearms
   508 | D:1      | Reached XP level 3. HP: 28/32 MP: 6/6
   641 | D:1      | Learned a level 3 spell: Spectral Weapon
  1232 | D:2      | Reached skill level 4 in Polearms
  1232 | D:2      | Reached skill level 1 in Hexes
  1232 | D:2      | Reached XP level 4. HP: 12/39 MP: 7/7
  1983 | D:2      | Reached XP level 5. HP: 41/45 MP: 8/8
  2181 | D:3      | Noticed an ogre
  2214 | D:3      | Learned a level 3 spell: Regeneration
  2521 | D:3      | HP: 3/67 [ogre/+0 giant club (9)]
  2524 | D:3      | Slain by an ogre

Levels and vault maps discovered:
D:1:      onia_arrival_pentagram, layout_rooms
D:2:      layout_loops_ring, serial_undead, serial_undead_b, serial_undead_a,
          serial_undead_e, serial_undead_d, minmay_small_reverse_x
D:3:      layout_basic, lightli_temple_of_fire, kennysheep_slug_shrine

Skill      XL: |  1  2  3  4  5 |
---------------+----------------+-----
Polearms       | 3 4 |  4.8
Hexes          | 1 2 |  2.0
Fighting       | |  2.0
Armour         | |  0.7
Dodging        | |  1.5
Spellcasting   | |  2.0
Charms         | |  3.0

Action                   |  1- 3 |  4- 6 || total
-------------------------+-------+-------++-------
Melee: Spear             |   202 |   129 ||   331
 Cast: Infusion          |     5 |     6 ||    11
       Spectral Weapon   |       |     1 ||     1
 Abil: Spit Poison       |     3 |     9 ||    12
  Use: Potion            |       |     5 ||     5
  Eat: Chunk             |     1 |     4 ||     5
Armor: Swamp dragon scal |    48 |       ||    48
       Leather armour    |    34 |    30 ||    64
       Skin              |       |     1 ||     1
Dodge: Dodged            |    79 |    48 ||   127
